 Dungeon Crawl Stone Soup version 0.30-a0-469-g84de5afbc5 (webtiles) character file.

Game seed: 12720265660161319356

373 ragingrage the Slasher (level 6, -1/37 HPs)
             Began as a Tengu Monk on Dec 19, 2022.
             Was a Follower of Ru.
             Slain by a hound (5 damage)
             ... on level 4 of the Dungeon.
             The game lasted 00:05:13 (4078 turns).

ragingrage the Slasher (Tengu Monk)                 Turns: 4078, Time: 00:05:14

Health: -1/37      AC:  3    Str: 11    XL:     6   Next: 72%
Magic:  7/7        EV: 15    Int: 10    God:    Ru [*.....]
Gold:   259        SH:  5    Dex: 19    Spells: 5/5 levels left

rFire   . . .      SeeInvis .    h - +0 dagger (venom)
rCold   . . .      Faith    .    p - +0 buckler
rNeg    . . .      Spirit   .    b - +0 robe
rPois   .          Reflect  .    (helmet restricted)
rElec   .          Harm     .    o - +0 cloak
rCorr   .          Rampage  .    (no gloves)
Will    .....                    (boots unavailable)
Stlth   ++........               (no amulet)
HPRegen 0.26/turn                (no ring)
MPRegen 0.10/turn                (no ring)

@: flying quickly and evasively, quick
A: beak, talons 3, inability to train armour, nimble flight
a: Renounce Religion


You were on level 4 of the Dungeon.
You worshipped Ru.
Ru was aware of your devotion.
You visited 2 branches of the dungeon, and saw 6 of its levels.

You collected 259 gold pieces.

Inventory:

Hand Weapons
 a - a +0 falchion
 h - a +0 dagger of venom (weapon)
 i - a +0 dagger of draining
 m - a +3 short sword
 B - a +0 shortbow
Missiles
 q - 5 poisoned darts (quivered)
Armour
 b - a +0 robe (worn)
 o - a +0 cloak (worn)
 p - a +0 buckler (worn)
Jewellery
 k - an amulet of magic regeneration
Scrolls
 d - a scroll of blinking {unknown}
 e - a scroll of amnesia {unknown}
 g - 6 scrolls of teleportation {unknown}
 l - a scroll of torment {unknown}
 n - 4 scrolls of identify {unknown}
 r - a scroll of immolation {unknown}
 u - a scroll of magic mapping {unknown}
 v - a scroll of enchant weapon {unknown}
 x - a scroll of brand weapon {unknown}
 y - a scroll of fear {unknown}
 z - a scroll of enchant armour {unknown}
 C - a scroll of noise {unknown}
 E - a scroll of summoning {unknown}
Potions
 c - 2 potions of ambrosia
 f - 3 potions of heal wounds {unknown}
 j - a potion of lignification {unknown}
 s - 2 potions of haste {unknown}
 t - a potion of berserk rage {unknown}
 w - 2 potions of curing {unknown}
 A - a potion of degeneration {unknown}
 D - a potion of might {unknown}


   Skills:
 - Level 3.0 Fighting
 + Level 6.7 Long Blades
 - Level 3.2 Dodging
 - Level 2.0 Stealth
 + Level 3.7 Shields


You had 5 spell levels left.
You didn't know any spells.
Your spell library contained the following spells:

 Spells                   Type           Power      Damage    Failure   Level
 Freeze                   Ice            0%         1d3       45%         1
 Shock                    Conj/Air       0%         1d3       45%         1
 Summon Small Mammal      Summ           0%         N/A       45%         1
 Call Canine Familiar     Summ           0%         N/A       83%         3
 Frozen Ramparts          Ice            0%         1d1       83%         3
 Hailstorm                Conj/Ice       0%         3d3       83%         3
 Summon Guardian Golem    Hex/Summ       0%         N/A       83%         3
 Swiftness                Air            0%         N/A       83%         3
 Airstrike                Air            0%         2d(0-16)  99%         4
 Orb of Destruction       Conj           0%         9d5       100%        7
 Spellforged Servitor     Conj/Summ      0%         N/A       100%        7


Dungeon Overview and Level Annotations

Branches:
Dungeon (5/15)             Temple (1/1) D:4

Altars:
Cheibriados
Hepliaklqana
Makhleb
Nemelex Xobeh
Okawaru
Qazlal
Ru
Trog
Uskayaw
Vehumet
Wu Jian
Xom
Yredelemnul
Zin
The Shining One

Shops:
D:4 (


Innate Abilities, Weirdness & Mutations

You have a beak for a mouth.
You have claws for feet.
You cannot train Armour skill.
Your magical nature lets you fly swiftly and evasively.


Message History

Your peck misses the orc priest.
The orc priest is heavily wounded.
The hound bites you. The orc priest hits you with a +0 mace.
The hound closely misses you.
You fly upwards.
There is a stone staircase leading down here.
You hit the orc priest.
The orc priest looks as sick as possible!
Your kick misses the orc priest.
The orc priest is severely wounded.
The hound bites you. The orc priest hits you with a +0 mace.
You block the hound's attack.
You hit the orc priest.
The orc priest looks as sick as possible!
The orc priest is almost dead.
The orc priest hits you with a +0 mace. The hound bites you but does no damage.
You hit the hound but do no damage. Your kick misses the hound.
The hound barely misses you. The orc priest hits you with a +0 mace!
You hit the hound but do no damage.
The hound is poisoned.
You claw the hound.
The hound is lightly wounded.
You kill the orc priest!
The hound bites you.
* * * LOW HITPOINT WARNING * * *
You barely miss the hound.
The hound is lightly wounded.
The hound closely misses you. x2
You hit the hound.
The hound is lightly wounded.
The hound bites you.
* * * LOW HITPOINT WARNING * * *
You hit the hound.
The hound looks as sick as possible!
The hound is moderately wounded.
The hound closely misses you. The hound attacks as you move away!
The hound closely misses you.
You closely miss the hound.
The hound is severely wounded.
The hound bites you.
* * * LOW HITPOINT WARNING * * *
The hound bites you.
You die...

###.........## ### ##..#.#...
.#...........#####.## #.....#.#
......)......g..<.#.#####........
.#P.######.#####.###.........##..
##..######)# #.## ##.######.##.#
P..).......# ##.###.## #[....
.#.######..# #.[#.## #.##.. .#.#
#....#####.)[## ##.##..
.#.####.#.......@h.# #......
.#............###..# #..####
.#.####.#####.# #..# #...... ...#
#.# #.# #..## #...... .#.####.#
##.###...# #.##### .....##.#
#...##.#.# #.# ##.#.##.#
##.###.#.#######.#####
......#.####...##.#.............#
##......##...........######.###.#


You could see a hound (extremely poisoned).

Vanquished Creatures
  An ogre (D:4)
  2 orc priests (D:4)
  Jessica (D:3)
  An orc wizard (D:4)
  4 gnolls (D:4)
  6 adders
  A worm (D:2)
  A dart slug (D:3)
  7 orcs
  9 ball pythons
  7 endoplasms
  3 giant cockroaches
  8 goblins
  3 hobgoblins (D:3)
  3 jackals (D:1)
  4 quokkas
  6 bats
  A frilled lizard (D:3)
  7 kobolds
  3 rats
78 creatures vanquished.

Vanquished Creatures (others)
  2 plants (D:4)
2 creatures vanquished.

Grand Total: 80 creatures vanquished

Notes
Turn   | Place    | Note
-------+----------+-------------------------------------------
     0 | D:1      | ragingrage the Tengu Monk began the quest for the Orb.
     0 | D:1      | Reached XP level 1. HP: 14/14 MP: 2/2
   128 | D:1      | Reached XP level 2. HP: 19/19 MP: 3/3
   174 | D:1      | Reached skill level 4 in Long Blades
   741 | D:1      | Found a faded altar of an unknown god.
   834 | D:2      | Reached XP level 3. HP: 23/23 MP: 4/4
  1040 | D:2      | Reached skill level 5 in Long Blades
  1330 | D:2      | Reached XP level 4. HP: 28/28 MP: 5/5
  1714 | D:3      | Reached skill level 1 in Shields
  2003 | D:3      | Noticed Jessica
  2013 | D:3      | Killed Jessica
  2014 | D:3      | Gained mutation: Your magical nature lets you fly swiftly
                  | and evasively. [Tengu growth]
  2014 | D:3      | Reached XP level 5. HP: 29/32 MP: 6/6
  2448 | D:4      | Found a staircase to the Ecumenical Temple.
  2453 | D:4      | Noticed an ogre
  2477 | D:4      | Killed an ogre
  2478 | D:4      | Reached skill level 6 in Long Blades
  2478 | D:4      | Reached XP level 6. HP: 29/37 MP: 7/7
  2483 | Temple   | Entered the Ecumenical Temple
  2738 | Temple   | Became a worshipper of Ru the Awakened
  2751 | Temple   | Gained mutation: You cannot train Armour skill. [Ru
                  | sacrifice]
  2751 | Temple   | Reached * piety under Ru
  3558 | D:4      | Found Gubrijur's Antique Weapon Shoppe.
  3740 | D:4      | Found a glowing silver altar of Zin.
  3947 | D:5      | Entered Level 5 of the Dungeon
  4078 | D:4      | Slain by a hound

Illustrated notes

Levels and vault maps discovered:
D:1:      onia_arrival_mini_maze, layout_basic,
          chequers_ecumenical_altar_simple_redux
D:2:      layout_basic
D:3:      layout_basic, serial_bayou_pond_d, minivault_26,
          minmay_quadrilaterals, uniq_jessica
D:4:      layout_loops_ring, mainiacjoe_overflow_alcove_2,
          minmay_temple_entry_gardened_gates, serial_shops, shop,
          columned_hall_lemuel, solitary_fountain,
          hangedman_abyss_or_decor_lesser_grid, dreamdust_wishing_well,
          sigmund_army
D:5:      layout_rooms, mainiacjoe_overflow_small_starburst,
          lightli_ossuary_entry_decrepit_ruins
Temple:   dpeg_chambers_temple

Skill      XL: |  1  2  3  4  5 |
---------------+----------------+-----
Long Blades    | 4 5 6 |  6.7
Shields        | 1 3 |  3.7
Fighting       | |  3.0
Dodging        | |  3.2
Stealth        | |  2.0

Action                   |  1- 3 |  4- 6 || total
-------------------------+-------+-------++-------
Melee: Falchion          |    41 |       ||    41
       Kick              |    12 |    29 ||    41
       Peck              |     9 |    15 ||    24
       Dagger            |    31 |    96 ||   127
Throw: Dart              |       |     5 ||     5
Invok: Sacrifice Durabil |       |     1 ||     1
 Stab: Sleeping          |     6 |    10 ||    16
       Distracted        |       |     1 ||     1
Armor: Robe              |    13 |     5 ||    18
Dodge: Dodged            |    60 |    46 ||   106
Block: Buckler           |       |    10 ||    10

Table legend: (Time is in decaauts)
 A = Elapsed time spent in this place.
 B = Non-inter-level travel time spent in this place.
 C = Inter-level travel time spent in this place.
 D = Time resting spent in this place.
 E = Time spent auto-exploring this place.
 F = Levels seen in this place.
 G = Mean time per level.
                   A        B        C        D        E       F      G
               +--------+--------+--------+--------+--------+-----+--------+
         Total |   3931 |   3814 |    117 |    636 |   2470 |   6 |  655.2 |
       Dungeon |   3685 |   3579 |    106 |    636 |   2282 |   5 |  737.0 |
        Temple |    245 |    235 |     10 |      0 |    188 |   1 |  245.0 |
               +--------+--------+--------+--------+--------+-----+--------+

Top non-repeatable levels by time:
     D:4: 1199 daAuts
     D:2: 883 daAuts
     D:1: 807 daAuts
     D:3: 788 daAuts
  Temple: 245 daAuts
     D:5: 6 daAuts
